 Dungeon Crawl Stone Soup version 0.29-a0-477-g62b78b4225 (webtiles) character file.

Game seed: 3279145562229005952

4201 jlumianski the Grave Robber (level 10, -1/65 HPs)
             Began as a Demonspawn Fighter on May 25, 2022.
             Was a Follower of Hepliaklqana.
             Shot with an arrow by a tengu warrior (18 damage)
             ... on level 9 of the Dungeon.
             The game lasted 00:53:53 (9620 turns).

jlumianski the Grave Robber (Demonspawn Fighter)    Turns: 9620, Time: 00:53:53

Health: -1/65      AC: 12    Str: 21    XL:     10   Next: 8%
Magic:  13/13      EV: 17    Int: 18    God:    Hepliaklqana [*.....]
Gold:   363        SH:  9    Dex: 17    Spells: 5/13 levels left

rFire   . . .      SeeInvis .   D - +8 quarterstaff "Ischuok" {freeze, Int+3}
rCold   . . .      Faith    .   (shield currently unavailable)
rNeg    . . .      Spirit   .   M - +0 steam dragon scales
rPois   .          Reflect  +   i - +0 helmet
rElec   .          Harm     .   (no cloak)
rCorr   .          Rampage  .   o - +0 pair of gloves
Will    .....                   (no boots)
Stlth   +++++.....              g - amulet of reflection
HPRegen 0.20/turn               t - +6 ring of intelligence
MPRegen 0.13/turn               A - +4 ring of evasion

@: no status effects
A: reduced essence, thin skeletal structure 2, icemail 1, condensation shield,
demonic magic 1
a: Renounce Religion, Recall Ancestor, Ancestor Identity


You were on level 9 of the Dungeon.
You worshipped Hepliaklqana.
Hepliaklqana was aware of your devotion.
You visited 2 branches of the dungeon, and saw 10 of its levels.

You collected 558 gold pieces.
You spent 195 gold pieces at shops.

Inventory:

Hand Weapons
 D - the +8 quarterstaff "Ischuok" (weapon) {freeze, Int+3}
   (You found it on level 6 of the Dungeon)

   It freezes those it strikes, dealing additional cold damage.
   It can also slow down cold-blooded creatures.
   Int:       It affects your intelligence (+3).
Missiles
 h - 7 boomerangs (quivered)
 j - 145 stones
Armour
 i - a +0 helmet (worn)
 o - a +0 pair of gloves (worn)
 M - +0 steam dragon scales (worn)
Jewellery
 g - an amulet of reflection (around neck)
 k - a ring of positive energy
 q - a ring of protection from fire
 t - a +6 ring of intelligence (left hand)
 u - a ring of ice
 A - a +4 ring of evasion (right hand)
 E - a +6 ring of dexterity
 F - a ring of resist corrosion
 I - a +6 ring of dexterity
 K - a ring of protection from fire
Wands
 L - a wand of acid (10)
Scrolls
 f - 5 scrolls of vulnerability
 s - 2 scrolls of magic mapping
 y - 2 scrolls of poison
 B - a scroll of silence
 C - 2 scrolls of fog
 J - 6 scrolls of identify
Potions
 e - 5 potions of attraction
 p - 2 potions of flight
 w - 2 potions of berserk rage
 z - 6 potions of heal wounds
 H - a potion of haste
 N - 2 potions of curing


   Skills:
 + Level 4.6 Fighting
 - Level 5.1 Axes
 * Level 5.0 Staves
 + Level 4.1 Armour
 + Level 3.2 Dodging
 + Level 4.7 Stealth
 + Level 5.3 Shields
 + Level 2.3 Spellcasting
 * Level 4.8 Conjurations
 * Level 5.6 Necromancy
 + Level 0.6 Air Magic


You had 5 spell levels left.
You knew the following spells:

 Your Spells              Type           Power      Damage    Failure   Level
a - Static Discharge      Conj/Air       12%        N/A       9%          2
b - Necrotize             Necr           88%        1d8       1%          1
c - Agony                 Necr           22%        N/A       43%         5

Your spell library contained the following spells:

 Spells                   Type           Power      Damage    Failure   Level
 Sublimation of Blood     Necr           22%        N/A       2%          2
 Vampiric Draining        Necr           22%        2d7       5%          3
 Sting                    Tmut/Pois      8%         1d3       17%         1
 Dispel Undead            Necr           22%        3d12      17%         4
 Poisonous Vapours        Pois/Air       6%         N/A       22%         2
 Wereblood                Tmut           2%         N/A       26%         2
 Sticky Flame             Conj/Fire      10%        2d3       54%         4
 Olgreb's Toxic Radiance  Pois           2%         N/A       86%         4
 Freezing Cloud           Conj/Ice/Air   4%         6-21      92%         5
 Simulacrum               Ice/Necr       6%         N/A       100%        6
 Summon Hydra             Summ           1%         N/A       100%        7
 Polar Vortex             Ice            1%         N/A       100%        9


Dungeon Overview and Level Annotations

Branches:
Dungeon (9/15)             Temple (1/1) D:5            Lair (0/6) D:8
    Orc: D:9-12

Altars:
Ashenzari
Cheibriados
Dithmenos
Elyvilon
Fedhas
Gozag
Hepliaklqana
Kikubaaqudgha
Makhleb
Nemelex Xobeh
Okawaru
Qazlal
Ru
Sif Muna
Trog
Uskayaw
Vehumet
Xom
Yredelemnul
The Shining One

Shops:
D:8 !


Innate Abilities, Weirdness & Mutations

Your life essence is reduced to manifest your ancestor. (-10% HP)
You have a moderately thin skeletal structure. (Dex +4, Stealth++)
A meltable icy envelope protects you from harm. (AC +4)
A meltable shield of frost defends you. (SH +4)
Spells you cast may paralyse adjacent enemies.


Message History

You sock the orc warrior! You freeze the orc warrior.
You kill the orc warrior!
Things that are here:
a +0 flail; a +0 chain mail; an orc corpse
There is a stone staircase leading down here.
You swap places.
Things that are here:
a +0 leather armour; a +0 short sword; a killer bee corpse You see here a killer bee corpse.
Things that are here:
a +0 leather armour; a +0 short sword; a killer bee corpse You swap places.
There is a stone staircase leading down here.
You climb downwards.
The tengu warrior shoots an arrow.
The arrow closely misses Shiptu.
The arrow hits you!!
There is a stone staircase leading up, spattered with blood here.
The tengu warrior shoots an arrow.
The arrow closely misses Shiptu.
The arrow hits you!!
Casting: Necrotize (safe; 1% risk of failure)
Confirm with . or Enter, or press ? or * to list all spells.
Okay, then.
Shiptu hits the tengu warrior.
The tengu warrior unwields a +0 longbow.
The tengu warrior wields a +0 great sword.
The tengu warrior hits Shiptu with a +0 great sword!
The tengu warrior pecks Shiptu.
The tengu warrior claws Shiptu.
Shiptu barely misses the tengu warrior.
The tengu warrior hits you with a +0 great sword.
* * * LOW HITPOINT WARNING * * *
The tengu warrior pecks you.
* * * LOW HITPOINT WARNING * * *
The tengu warrior barely misses you.
Casting: Necrotize (safe; 1% risk of failure)
Confirm with . or Enter, or press ? or * to list all spells.
Okay, then.
Shiptu hits the tengu warrior.
The tengu warrior unwields a +0 great sword.
The tengu warrior wields a +0 longbow.
The tengu warrior shoots an arrow.
The arrow barely misses Shiptu.
The arrow hits you!!
You die...

## ##.## ### ##...###.##
##.....##..#
##...#[..<..#
.....##[...####
##.....@R..#####
...#........Q......
#............#####
.#....#.......##
....###...##...#
#....##.#.##...#######
#.....#......#..#..#.###
.........###.#....#yy..#
#...##...##.......#y..###


You could see the friendly Shiptu the ancestor and a tengu warrior (ally
target).

Vanquished Creatures
  A hornet (D:8)
  Sigmund (D:2)
  5 yaks
  An ice beast (D:7)
  2 sky beasts
  3 orc warriors
  2 ogres
  A black bear (D:5)
  2 centaurs
  A phantom (D:3)
  A gnoll sergeant (D:8)
  5 bullfrogs
  6 scorpions
  4 killer bees (D:8)
  A howler monkey (D:5)
  The ghost of Eringya the Conjurer, a weakling OpCj (D:3)
  A gnoll shaman (D:7)
  5 orc priests
  3 hounds
  Jessica (D:3)
  4 orc wizards
  4 iguanas
  5 gnolls
  12 adders
  A shadow imp (D:5)
  A white imp (D:7)
  2 worms
  4 dart slugs
  23 orcs
  2 bats
  7 endoplasms
  7 giant cockroaches
  3 goblins
  7 hobgoblins
  2 jackals (D:3)
  4 quokkas
  12 ball pythons
  A frilled lizard (D:3)
  8 kobolds
  7 rats
163 creatures vanquished.

Vanquished Creatures (collateral kills)
  A steam dragon (D:8)
  2 killer bees (D:8)
  An electric eel (D:7)
  An orc wizard (D:7)
  A gnoll (D:8)
  An adder (D:5)
  An orc (D:8)
8 creatures vanquished.

Vanquished Creatures (others)
  An orc priest (D:8)
  2 ancestors
  2 orcs (D:8)
  2 plants
7 creatures vanquished.

Grand Total: 178 creatures vanquished

Notes
Turn   | Place    | Note
-------+----------+-------------------------------------------
     0 | D:1      | jlumianski the Demonspawn Fighter began the quest for the
                  | Orb.
     0 | D:1      | Reached XP level 1. HP: 18/18 MP: 1/1
   201 | D:1      | Gained mutation: You have a somewhat thin skeletal
                  | structure. (Dex +2, Stealth+) [demonic ancestry]
   201 | D:1      | Reached XP level 2. HP: 23/24 MP: 2/2
   223 | D:1      | Found a faded altar of an unknown god.
   913 | D:2      | Gained mutation: A meltable shield of frost defends you.
                  | (SH +4) [demonic ancestry]
   913 | D:2      | Reached XP level 3. HP: 29/29 MP: 3/3
  1260 | D:2      | Noticed Sigmund
  1528 | D:2      | Gained mutation: A meltable icy envelope protects you from
                  | harm. (AC +4) [demonic ancestry]
  1528 | D:2      | Reached XP level 4. HP: 35/35 MP: 4/4
  1799 | D:2      | Killed Sigmund
  1800 | D:2      | Reached skill level 1 in Dodging
  1800 | D:2      | Reached XP level 5. HP: 12/42 MP: 5/5
  1800 | D:2      | Gained mutation: You have a moderately thin skeletal
                  | structure. (Dex +4, Stealth++) [demonic ancestry]
  1800 | D:2      | Reached XP level 6. HP: 13/48 MP: 6/6
  2116 | D:2      | Learned a level 2 spell: Static Discharge
  2136 | D:3      | Noticed Jessica
  2148 | D:3      | Killed Jessica
  2282 | D:3      | Learned a level 1 spell: Necrotize
  2394 | D:3      | Noticed Eringya's ghost (weakling OpCj)
  2395 | D:3      | Found a transporter.
  2409 | D:3      | Reached skill level 1 in Conjurations
  2420 | D:3      | Found a transporter.
  2537 | D:3      | Noticed a sky beast
  2549 | D:3      | Killed a sky beast
  2649 | D:3      | Found a stormy altar of Qazlal.
  2649 | D:3      | Found a hide-covered altar of Uskayaw.
  2650 | D:3      | Found a burning altar of Makhleb.
  2685 | D:3      | Found an opulent altar of Gozag.
  2874 | D:3      | Found a snail-covered altar of Cheibriados.
  3068 | D:3      | Reached XP level 7. HP: 53/53 MP: 4/7
  3182 | D:3      | Killed Eringya's ghost
  3183 | D:3      | Reached skill level 1 in Necromancy
  3424 | D:4      | Found a shadowy altar of Dithmenos.
  3474 | D:4      | Identified the +0 leather armour of the Silversmith {rF+
                  | rCorr}
  4010 | D:5      | Entered Level 5 of the Dungeon
  4091 | D:5      | Reached skill level 1 in Stealth
  4273 | D:5      | Gained mutation: Spells you cast may paralyse adjacent
                  | enemies. [demonic ancestry]
  4273 | D:5      | Reached XP level 8. HP: 53/60 MP: 8/8
  4840 | D:5      | Reached skill level 5 in Axes
  4846 | D:5      | Reached skill level 1 in Spellcasting
  5292 | D:5      | Found a staircase to the Ecumenical Temple.
  5298 | Temple   | Entered the Ecumenical Temple
  5411 | Temple   | Became a worshipper of Hepliaklqana the Forgotten
  5622 | D:6      | Identified the +8 quarterstaff "Ischuok" {freeze, Int+3}
  5775 | D:7      | Reached skill level 1 in Staves
  5775 | D:7      | Reached skill level 5 in Shields
  5983 | D:7      | Found a sparkling altar of Nemelex Xobeh.
  6154 | D:7      | Reached XP level 9. HP: 66/66 MP: 11/11
  6204 | D:7      | Learned a level 5 spell: Agony
  7160 | D:7      | Reached * piety under Hepliaklqana
  8215 | D:8      | Reached skill level 5 in Necromancy
  8528 | D:8      | Found Sustrakhe's Distillery.
  8550 | D:8      | Bought a potion of heal wounds for 75 gold pieces
  8550 | D:8      | Bought a potion of curing for 45 gold pieces
  8550 | D:8      | Bought a potion of heal wounds for 75 gold pieces
  8721 | D:8      | Found an ancient bone altar of Kikubaaqudgha.
  9063 | D:8      | Found a staircase to the Lair.
  9296 | D:9      | Noticed a tengu warrior
  9325 | D:8      | Reached XP level 10. HP: 48/65 MP: 11/13
  9606 | D:8      | Reached skill level 5 in Staves
  9620 | D:9      | Shot with an arrow by a tengu warrior

Illustrated notes

Levels and vault maps discovered:
D:1:      psy_arrival_basics, layout_loops_ring, chequers_ecumenical_altar_lobes
D:2:      layout_basic, corexii_shack, minmay_snake_closets, uniq_sigmund
D:3:      layout_basic, amcnicky_altar_gilded,
          nicolae_overflow_quartered_altars, gammafunk_ghost_arena, uniq_jessica
D:4:      layout_cave_pools, mainiacjoe_overflow_boulevard,
          kennysheep_small_spiral
D:5:      layout_basic, minmay_temple_entry_enclosed_plants
D:6:      layout_gridville
D:7:      layout_loops_ring, nemelex_diamond_rough_becter,
          mainiacjoe_overflow_brackets, mainiacjoe_overflow_alcove_2,
          minmay_statues_item, fountainhead
D:8:      layout_gridville, nicolae_kikubaaqudgha_miasma_corner,
          lair_entry_dummy, serial_shops, shop
D:9:      minmay_the_grid_square_5x5_3x3 [minmay_the_grid_square_5x5_two,
          minmay_the_grid_square_5x5_two_walls_a,
          minmay_the_grid_square_5x5_slash, minmay_the_grid_square_5x5_n,
          minmay_the_grid_square_5x5_megaprize_hollow,
          minmay_the_grid_square_5x5_three_small,
          minmay_the_grid_square_5x5_fat_x, minmay_the_grid_square_5x5_c,
          minmay_the_grid_square_5x5_gyroscope], layout_cave_pools,
          mainiacjoe_overflow_small_starburst, dreamdust_princess_corridor,
          minmay_increasing_density
Temple:   cyrus_temple_forest

Skill      XL: |  1  2  3  4  5  6  7  8  9 10 |
---------------+-------------------------------+-----
Axes           | 2 3 4 5 |  5.1
Shields        | 3 4 5 |  5.3
Armour         | 3 4 |  4.1
Dodging        | 1 2 3 |  3.2
Conjurations   | 1 2 3 4 |  4.8
Necromancy     | 2 4 5 |  5.6
Fighting       | 4 |  4.6
Stealth        | 1 2 4 |  4.7
Spellcasting   | 1 2 |  2.3
Staves         | 2 4 5 |  5.0
Air Magic      | |  0.6

Action                   |  1- 3 |  4- 6 |  7- 9 | 10-12 || total
-------------------------+-------+-------+-------+-------++-------
Melee: War axe           |   103 |   113 |   155 |       ||   371
       Quarterstaff      |       |       |   132 |    18 ||   150
 Cast: Static Discharge  |       |     2 |    10 |       ||    12
       Necrotize         |       |       |    42 |     2 ||    44
Invok: Recall Ancestor   |       |       |     2 |       ||     2
  Use: Scroll            |     1 |     9 |     5 |       ||    15
       Potion            |       |     2 |     5 |       ||     7
 Stab: Sleeping          |       |     2 |    21 |       ||    23
       Paralysed         |       |       |    19 |     1 ||    20
       Distracted        |       |       |       |     1 ||     1
Armor: Scale mail        |    35 |    24 |       |       ||    59
       Leather armour    |       |    14 |    94 |       ||   108
       Steam dragon scal |       |       |    18 |    10 ||    28
Dodge: Dodged            |    26 |    36 |   194 |    25 ||   281
Block: Buckler           |    69 |    94 |   139 |       ||   302
       Reflection        |     1 |       |       |     2 ||     3
       Other             |       |       |    78 |    21 ||    99

Table legend: (Time is in decaauts)
 A = Elapsed time spent in this place.
 B = Non-inter-level travel time spent in this place.
 C = Inter-level travel time spent in this place.
 D = Time resting spent in this place.
 E = Time spent auto-exploring this place.
 F = Levels seen in this place.
 G = Mean time per level.
                   A        B        C        D        E       F      G
               +--------+--------+--------+--------+--------+-----+--------+
         Total |   9770 |   9679 |     91 |   1039 |   4240 |  10 |  977.0 |
       Dungeon |   9610 |   9519 |     91 |   1039 |   4240 |   9 | 1067.8 |
        Temple |    159 |    159 |      0 |      0 |      0 |   1 |  159.0 |
               +--------+--------+--------+--------+--------+-----+--------+

Top non-repeatable levels by time:
     D:8: 1696 daAuts
     D:7: 1688 daAuts
     D:5: 1340 daAuts
     D:3: 1168 daAuts
     D:2: 1149 daAuts
     D:1: 1010 daAuts
     D:4: 791 daAuts
     D:6: 665 daAuts
  Temple: 159 daAuts
     D:9: 99 daAuts
